 Dungeon Crawl Stone Soup version 0.30.1-9-gdf580d7c3d (webtiles) character file.

Game seed: 2905705370560913960

1201 Ninjinzu the Reanimator (level 8, -1/52 HPs)
             Began as a Demonspawn Necromancer on Sept 29, 2023.
             Was an Initiate of Sif Muna.
             Killed from afar by an electric eel (6 damage)
             ... with a bolt of electricity
             ... on level 6 of the Dungeon.
             The game lasted 00:25:49 (5697 turns).

Ninjinzu the Reanimator (Demonspawn Necromancer)    Turns: 5697, Time: 00:25:50

Health: -1/52      AC: 11    Str:  8    XL:     8   Next: 21%
Magic:  14/17      EV: 12    Int: 24    God:    Sif Muna [......]
Gold:   332        SH:  0    Dex: 15    Spells: 12/19 levels left

rFire   . . .        w - +3 long sword
rCold   . . .        (no shield)
rNeg    . . .        n - +0 robe
rPois   .            e - +2 helmet
rElec   .            (no cloak)
rCorr   .            (no gloves)
SInv    .            (no boots)
Will    .....        k - amulet of regeneration
Stlth   ++           d - +4 ring of protection
HPRegen 1.08/turn    m - +6 ring of intelligence
MPRegen 0.15/turn

%: no passive effects
@: no status effects
A: molten scales 1, spiny 2
a: Renounce Religion


You were on level 6 of the Dungeon.
You worshipped Sif Muna.
Sif Muna was noncommittal.
You visited 2 branches of the dungeon, and saw 7 of its levels.

You collected 332 gold pieces.

Inventory:

Hand Weapons
 w - a +3 long sword (weapon)
Armour
 a - a +0 robe
 e - a +2 helmet (worn)
 n - a +0 robe (worn)
Jewellery
 d - a +4 ring of protection (left hand)
 k - an amulet of regeneration (around neck)
 m - a +6 ring of intelligence (right hand)
 r - an amulet of the acrobat
Scrolls
 f - 6 scrolls of identify {unknown}
 g - 2 scrolls of amnesia {unknown}
 i - a scroll of fear {unknown}
 j - 3 scrolls of vulnerability {unknown}
 p - 3 scrolls of poison {unknown}
 q - 2 scrolls of teleportation {unknown}
 t - a scroll of blinking {unknown}
 u - a scroll of fog {unknown}
 x - a scroll of enchant weapon {unknown}
 y - a scroll of magic mapping {unknown}
Potions
 b - 2 potions of magic
 c - 2 potions of flight
 h - a potion of lignification
 l - 2 potions of heal wounds
 o - a potion of ambrosia
 s - a potion of curing
 v - a potion of brilliance {unknown}


   Skills:
 + Level 2.2 Dodging
 + Level 2.6 Stealth
 + Level 0.1 Unarmed Combat
 + Level 6.2 Spellcasting
 + Level 8.7 Necromancy
 + Level 0.4 Evocations


You had 12 spell levels left.
You knew the following spells:

 Your Spells              Type           Power      Damage    Failure   Level
a - Necrotise             Necr           100%       1d9       1%          1
b - Summon Guardian Gole  Hex/Summ       7%         N/A       22%         3
c - Vampiric Draining     Necr           49%        2d9       1%          3

Your spell library contained the following spells:

 Spells                   Type           Power      Damage    Failure   Level
 Animate Dead             Necr           49%        N/A       2%          4
 Agony                    Necr           49%        N/A       6%          5
 Apportation              Tloc           14%        N/A       8%          1
 Foxfire                  Conj/Fire      28%        2x1d5     8%          1
 Summon Small Mammal      Summ           28%        N/A       8%          1
 Call Canine Familiar     Summ           7%         N/A       22%         3
 Fireball                 Conj/Fire      3%         3d4       91%         5
 Plasma Beam              Fire/Air       3%         2x1d15    100%        6
 Starburst                Conj/Fire      3%         6d3       100%        6
 Borgnjor's Revivificati  Necr           24%        N/A       100%        8
 Necromutation            Tmut/Necr      14%        N/A       100%        8
 Death's Door             Necr           24%        N/A       100%        9


Dungeon Overview and Level Annotations

Branches:
Dungeon (6/15)             Temple (1/1) D:6

Altars:
Ashenzari
Cheibriados
Dithmenos
Fedhas
Kikubaaqudgha
Makhleb
Nemelex Xobeh
Okawaru
Qazlal
Ru
Sif Muna
Uskayaw
Wu Jian
Xom
Yredelemnul


Innate Abilities, Weirdness & Mutations

You are partially covered in molten scales. (AC +2)
You are mostly covered in sharp spines.


Message History

The bolt of electricity misses you.
Casting: Necrotise (safe; 1% risk of failure)
Confirm with . or Enter, or press ? or * to list all spells.
Aiming: Necrotise (safe; 1% risk of failure)
Press: ? - help, Shift-Dir - straight line, f/p - electric eel
Aim: an electric eel (water, almost dead, chance to affect: 88%) Kikubaaqudgha does not allow the disloyal to dabble in death!
You feel very uncomfortable.
You feel drained.
The electric eel writhes in agony!
You kill the electric eel!
Sif Muna accepts your kill.
A nearby plant withers and dies.
The electric eel shoots out a bolt of lightning at you!
The bolt of electricity hits the plant!
The bolt of electricity hits you!
Your life force feels restored.
Unknown command.
Casting: Necrotise (safe; 1% risk of failure)
Confirm with . or Enter, or press ? or * to list all spells.
You can't see any susceptible monsters within range! (Use Z to cast anyway.)
A nearby plant withers and dies.
The electric eel shoots out a bolt of lightning at you!
The bolt of electricity hits you!
The electric eel shoots out a bolt of lightning at you!
The bolt of electricity hits you!
* * * LOW HITPOINT WARNING * * *
The electric eel shoots out a bolt of lightning at you!
The bolt of electricity hits you.
* * * LOW HITPOINT WARNING * * *
The electric eel shoots out a bolt of lightning at you!
The bolt of electricity hits you.
* * * LOW HITPOINT WARNING * * *
You start resting.
An electric eel is nearby!
The electric eel shoots out a bolt of lightning at you!
The bolt of electricity hits you!
* * * LOW HITPOINT WARNING * * *
The bolt of electricity hits the plant!
The plant begins to die.
The electric eel shoots out a bolt of lightning at you!
The bolt of electricity hits you.
You die...

..# #.......# ~ ### #.†.....#
~~ # ♣.P♣...###♣ P≈≈ #
♣~♣♣...#..♣♣~~≈ ≈ #
♣♣~♣♣...#..~~~≈~≈≈≈≈≈ # .
♣P..♣.♣♣'..♣ ~≈≈≈≈≈≈ #
...♣♣♣♣♣P~~♣♣♣♣♣..♣♣♣~≈≈≈S≈≈
#####PP~♣~.~.P♣♣P♣#.~~P≈≈≈≈≈≈≈
......~~~~~~~~~~@..†P♣P≈≈≈≈≈≈≈
.....P♣♣P♣~~~P♣♣~~..~♣P~≈≈≈≈≈≈
.....♣♣♣♣♣♣~.♣♣♣♣♣..P♣~~≈≈≈≈≈~
.......♣♣♣♣~.♣ #...♣~~~≈≈≈≈~
........♣♣P~♣♣ #...S♣♣~~P≈P~
.........♣♣~.♣ #...~♣ ~~~P♣
.........♣♣.♣♣#######♣♣ ~~~~
####............... ~~~
#............... ~~


You could see an electric eel.

Vanquished Creatures
  An ice beast (D:6)
  A black bear (D:6)
  3 ogres
  A bullfrog (D:6)
  A scorpion (D:6)
  An electric eel (D:6)
  4 orc priests
  5 hounds
  An iron imp (D:4)
  A sleepcap (D:5)
  An iguana (D:4)
  3 orc wizards
  3 gnolls (D:3)
  6 adders
  A worm (D:3)
  2 dart slugs
  14 orcs
  5 ball pythons
  8 endoplasms
  2 giant cockroaches
  7 goblins
  5 hobgoblins
  4 quokkas
  3 bats
  A frilled lizard (D:2)
  6 kobolds
  7 rats
97 creatures vanquished.

Vanquished Creatures (collateral kills)
  An orc (D:3)
  A bat (D:1)
  A rat (D:1)
3 creatures vanquished.

Grand Total: 100 creatures vanquished

Notes
Turn   | Place    | Note
-------+----------+-------------------------------------------
     0 | D:1      | Ninjinzu the Demonspawn Necromancer began the quest for the
                  | Orb.
     0 | D:1      | Reached XP level 1. HP: 13/13 MP: 3/3
   155 | D:1      | Gained mutation: You are partially covered in sharp spines.
                  | [demonic ancestry]
   155 | D:1      | Reached XP level 2. HP: 19/19 MP: 0/5
   431 | D:1      | Reached skill level 5 in Necromancy
  1035 | D:2      | Gained mutation: You are mostly covered in sharp spines.
                  | [demonic ancestry]
  1035 | D:2      | Reached XP level 3. HP: 24/24 MP: 4/6
  2098 | D:3      | Gained mutation: You are partially covered in molten
                  | scales. (AC +2) [demonic ancestry]
  2098 | D:3      | Reached XP level 4. HP: 26/30 MP: 0/8
  2565 | D:3      | Reached XP level 5. HP: 35/35 MP: 8/10
  2817 | D:3      | Reached skill level 6 in Necromancy
  3223 | D:3      | Found an ancient bone altar of Kikubaaqudgha.
  3283 | D:3      | Became a worshipper of Kikubaaqudgha
  3519 | D:4      | Reached XP level 6. HP: 41/41 MP: 9/12
  3597 | D:4      | Found a glowing drain.
  3975 | D:4      | Found a snail-covered altar of Cheibriados.
  3980 | D:4      | Learned a level 3 spell: Summon Guardian Golem
  3985 | D:4      | Learned a level 3 spell: Vampiric Draining
  4186 | D:5      | Entered Level 5 of the Dungeon
  4242 | D:5      | Reached skill level 7 in Necromancy
  4313 | D:5      | Found a transporter.
  4344 | D:5      | Reached XP level 7. HP: 46/46 MP: 7/14
  4347 | D:5      | Found a transporter.
  4414 | D:5      | Reached skill level 5 in Spellcasting
  4745 | D:5      | Found a shimmering altar of Xom.
  4813 | D:5      | Reached skill level 8 in Necromancy
  5151 | D:6      | Found a staircase to the Ecumenical Temple.
  5170 | Temple   | Entered the Ecumenical Temple
  5270 | Temple   | Fell from the grace of Kikubaaqudgha
  5270 | Temple   | Became a worshipper of Sif Muna the Loreminder
  5530 | D:6      | Reached XP level 8. HP: 48/52 MP: 16/16
  5697 | D:6      | Killed from afar by an electric eel

Illustrated notes

Levels and vault maps discovered:
D:1:      spicycebolla_arrival_xxxplode, layout_basic, serial_bayou_lagoon_b
D:2:      layout_loops_ring
D:3:      layout_basic, mainiacjoe_overflow_brackets, serial_co_window_serial,
          co_window_of_opportunity_a, co_window_corner_a, co_window_paths_b,
          co_window_of_opportunity_a, co_window_paths_b, co_window_corner_a,
          co_window_unsneaky_path_b, co_window_broadway_a, co_window_paths_c,
          co_window_paths_d, glass_columns_c, glass_columns_a
D:4:      layout_cave_pools, slow_altar_1, portal_sewer_entry_d, serial_rivers,
          chequers_serial_rivers_marsh, chequers_serial_rivers_micro_e,
          chequers_serial_rivers_room_b, chequers_serial_rivers_micro_d,
          nrook_uturn, moated_statue
D:5:      gammafunk_wand_slinger, layout_loops_cross,
          nicolae_overflow_crystal_walls
D:6:      layout_gridville, temple_fountains, serial_bayou, serial_bayou_pond_e,
          serial_bayou_crossing, serial_bayou_pond_d, serial_bayou_lake_a
Temple:   eino_wide_crystal_templ

Skill      XL: |  1  2  3  4  5  6  7  8 |
---------------+-------------------------+-----
Necromancy     | 5 6 7 8 |  8.7
Dodging        | 2 |  2.2
Stealth        | 2 |  2.6
Spellcasting   | 3 4 5 6 |  6.2
Unarmed Combat | |  0.1
Evocations     | |  0.4

Action                     |  1- 3 |  4- 6 |  7- 9 || total
---------------------------+-------+-------+-------++-------
  Melee: Unarmed           |     5 |    12 |     1 ||    18
         Punch             |       |     1 |       ||     1
         Long sword        |       |       |     1 ||     1
   Cast: Necrotise         |    70 |    83 |    52 ||   205
         Summon Guardian G |       |     1 |       ||     1
  Evoke: Wand              |       |     1 |     4 ||     5
    Use: Potion            |       |     5 |     1 ||     6
 Armour: Robe              |     9 |     8 |    20 ||    37
         Skin              |     1 |    31 |       ||    32
  Dodge: Dodged            |    17 |    16 |    14 ||    47
